AoeStats
← Ludoblues

Arabia

510619012Analyzed
3v3 RM · 2d ago on Oct 1, 2026· 18m 15s· 6 players
Game mode
Random Map
Map size
Normal (6 player)
Population
200
Speed
Normal
Resources
Standard
Victory
Conquest
Starting age
Dark Age
Ending age
Imperial Age
RankedLock teamsTeams togetherTeam positionsShared explorationLock speedFull tech treeHidden civsTurbo modeCheats
Victory
Defeat
🇨🇿 Armenians · Czechia
994
+15
🇨🇿 Bulgarians · Czechia
991
+15
🇨🇿 Burgundians · Czechia
922
+18
🇫🇷 Celts · France
1030
-18
🇫🇷 Romans · France
988
-17
🇫🇷 Khmer · France
907
-13
VelkyChobot
7:22 Loom
9:52 Feudal Age
11:22 Arson
16:17 Double-Bit Axe
16:19 Horse Collar
20:50 Castle Age
JanMa
0:29 Loom
11:11 Feudal Age
9:39 Double-Bit Axe
11:53 Horse Collar
14:19 Town Watch
15:11 Wheelbarrow
18:32 Scale Barding Armor
18:38 Forging
Kompot
9:32 Loom
11:20 Feudal Age
11:49 Man-at-Arms
12:44 Long Swordsman
14:02 Scale Mail Armor
14:00 Arson
15:38 Horse Collar
Ludoblues
9:12 Loom
11:34 Feudal Age
nosta
7:51 Loom
9:40 Feudal Age
11:02 Double-Bit Axe
11:48 Horse Collar
13:18 Scale Mail Armor
13:04 Man-at-Arms
14:31 Forging
QUIMEURTPERD
4:09 Loom
11:52 Feudal Age
12:23 Horse Collar
12:30 Double-Bit Axe
18:00 Castle Age
17:18 Scale Barding Armor
18:08 Forging
Connection lost

Rejoining the realm…

Still unreachable

The connection could not be restored.

Session expired

The server has moved on; the page needs a fresh start.